 Dungeon Crawl Stone Soup version 0.30-a0-596-g0af90f9a20 (webtiles) character file.

Game seed: 10800470537812258178

98 wormed the Insei (level 4, -11/29 HPs)
             Began as an Octopode Transmuter on Jan 7, 2023.
             Shot with an arrow by a centaur (13 damage)
             ... on level 3 of the Dungeon.
             The game lasted 00:03:46 (2465 turns).

wormed the Insei (Octopode Transmuter)              Turns: 2465, Time: 00:03:46

Health: -11/29     AC:  1    Str:  9    XL:     4   Next: 69%
Magic:  7/7        EV: 13    Int: 23    God:
Gold:   213        SH:  0    Dex: 12    Spells: 2/8 levels left

rFire   . . .      SeeInvis .      - Unarmed
rCold   . . .      Faith    .    (no shield)
rNeg    . . .      Spirit   .    (helmet restricted)
rPois   .          Reflect  .    h - amulet of regeneration
rElec   .          Harm     .    m - +6 ring of intelligence
rCorr   .          Rampage  .    (no ring)
Will    .....                    (no ring)
Stlth   ++                       (no ring)
HPRegen 1.04/turn                (no ring)
MPRegen 0.10/turn                (no ring)
                                 (no ring)
                                 (no ring)

@: no status effects
A: almost no armour, amphibious, 8 rings, camouflage 1, gelatinous body 1,
(nimble swimmer 1), tentacles
a: no special abilities


You were on level 3 of the Dungeon.
You visited 1 branch of the dungeon, and saw 3 of its levels.

You collected 213 gold pieces.

Inventory:

Jewellery
 h - an amulet of regeneration (around mantle)
 m - a +6 ring of intelligence (left tentacle)
Scrolls
 d - a scroll of enchant weapon
 f - 3 scrolls of teleportation
 j - a scroll of summoning {unknown}
 l - a scroll of amnesia
Potions
 a - a potion of brilliance
 b - a potion of resistance {unknown}
 c - a potion of cancellation {unknown}
 e - 4 potions of curing {unknown}
 g - a potion of flight {unknown}
 i - a potion of invisibility {unknown}
 k - 2 potions of attraction {unknown}


   Skills:
 + Level 1.7 Fighting
 + Level 2.3 Dodging
 + Level 3.3 Unarmed Combat
 + Level 2.5 Spellcasting
 * Level 2.9 Transmutations
 + Level 1.6 Ice Magic


You had 2 spell levels left.
You knew the following spells:

 Your Spells              Type           Power      Damage    Failure   Level
a - Ice Form              Ice/Tmut       13%        N/A       43%         4
b - Wereblood             Tmut           16%        N/A       5%          2

Your spell library contained the following spells:

 Spells                   Type           Power      Damage    Failure   Level
 Beastly Appendage        Tmut           32%        N/A       3%          1
 Spider Form              Tmut/Pois      9%         N/A       21%         3


Dungeon Overview and Level Annotations

Branches:
Dungeon (3/15)

Altars:


Innate Abilities, Weirdness & Mutations

You cannot wear most types of armour.
You are amphibious.
You can wear up to eight rings at the same time.
Your skin changes colour to match your surroundings (Stealth+).
Your rubbery body absorbs attacks. (AC +1, EV +1)
((You are camouflaged when in or above water. (Stealth+)))
You have tentacles for arms and can constrict up to eight enemies at once.


Message History

Confirm with . or Enter, or press ? or * to list all spells.
The spell is astonishingly dangerous to miscast (43% risk of failure)!
Continue anyway?
You miscast Ice Form.
You are very lightly contaminated with residual magic.
Nothing appears to happen.
The kobold shouts!
Casting: Ice Form (astonishingly dangerous; 43% risk of failure)
Confirm with . or Enter, or press ? or * to list all spells.
You don't have enough magic to cast this spell.
A kobold is nearby!
Your magical contamination has completely faded away.
Casting: Ice Form (astonishingly dangerous; 43% risk of failure)
Confirm with . or Enter, or press ? or * to list all spells.
The spell is astonishingly dangerous to miscast (43% risk of failure)!
Continue anyway?
You miscast Ice Form.
You are very lightly contaminated with residual magic.
Your limbs ache and wobble like jelly.
You barely miss the kobold. You grab the kobold. You constrict the kobold.
You tentacle-slap the kobold.
You kill the kobold!
You see here a +0 dagger.
Your magical contamination has completely faded away.
l - a scroll of amnesia You now have 213 gold pieces (gained 12).
Found a stone staircase leading down.
There is a stone staircase leading down here.
A centaur comes into view.
The centaur shouts!
The centaur wields a +0 shortbow.
The centaur shoots an arrow.
The arrow closely misses you.
The centaur shoots an arrow.
The arrow hits you!
A centaur is nearby!
A centaur is nearby!
A centaur is nearby!
The centaur shoots an arrow.
The arrow hits you!
* * * LOW HITPOINT WARNING * * *
There is a stone staircase leading down, spattered with blood here.
The centaur shoots an arrow.
The arrow hits you.
* * * LOW HITPOINT WARNING * * *
The centaur shoots an arrow.
The arrow hits you!
You die...

#)##.##.##
#.##.##..#
#.##.###.#
#.##(# #.#
#..#.# #.#
##...# #.#
#..## #.# #..#
#.############
#.##
#..@......c...
###
##############


You could see a centaur.

Vanquished Creatures
  3 adders
  3 dart slugs (D:1)
  4 orcs (D:3)
  2 bats
  9 endoplasms
  6 giant cockroaches
  4 goblins
  2 hobgoblins (D:1)
  2 jackals (D:2)
  6 kobolds
  4 quokkas
  3 ball pythons
  2 frilled lizards
  4 rats
54 creatures vanquished.

Notes
Turn   | Place    | Note
-------+----------+-------------------------------------------
     0 | D:1      | wormed the Octopode Transmuter began the quest for the Orb.
     0 | D:1      | Reached XP level 1. HP: 13/13 MP: 3/3
     6 | D:1      | Noticed a black bear
     6 | D:1      | Noticed a swamp drake
     6 | D:1      | Noticed a lindwurm
     6 | D:1      | Noticed a scorpion
     6 | D:1      | Noticed an anaconda
   100 | D:1      | Reached XP level 2. HP: 16/18 MP: 3/5
   497 | D:1      | Reached XP level 3. HP: 20/23 MP: 4/6
   678 | D:1      | Reached skill level 1 in Ice Magic
  1053 | D:2      | Learned a level 2 spell: Wereblood
  1141 | D:2      | Reached XP level 4. HP: 28/28 MP: 3/7
  1777 | D:2      | Learned a level 4 spell: Ice Form
  2461 | D:3      | Noticed a centaur
  2465 | D:3      | Shot with an arrow by a centaur

Illustrated notes

Levels and vault maps discovered:
D:1:      onia_arrival_zoo_common, layout_rooms
D:2:      layout_basic
D:3:      layout_rooms

Skill      XL: |  1  2  3 |
---------------+----------+-----
Ice Magic      | 1 |  1.6
Fighting       | |  1.7
Dodging        | |  2.3
Unarmed Combat | |  3.3
Spellcasting   | |  2.5
Transmutations | |  2.9

Action                   |  1- 3 |  4- 6 || total
-------------------------+-------+-------++-------
Melee: Unarmed           |    80 |    38 ||   118
       Kick              |    27 |     7 ||    34
       Tentacles         |    14 |     3 ||    17
       Constrict         |    21 |     6 ||    27
       Punch             |     1 |       ||     1
 Cast: Beastly Appendage |    22 |     7 ||    29
       Wereblood         |     3 |     6 ||     9
       Ice Form          |       |     4 ||     4
  Use: Potion            |     1 |       ||     1
       Scroll            |     2 |     5 ||     7
 Stab: Sleeping          |     1 |     3 ||     4
Armor: Skin              |     8 |     5 ||    13
Dodge: Dodged            |    35 |    19 ||    54

Table legend: (Time is in decaauts)
 A = Elapsed time spent in this place.
 B = Non-inter-level travel time spent in this place.
 C = Inter-level travel time spent in this place.
 D = Time resting spent in this place.
 E = Time spent auto-exploring this place.
 F = Levels seen in this place.
 G = Mean time per level.
                   A        B        C        D        E       F      G
               +--------+--------+--------+--------+--------+-----+--------+
         Total |   2456 |   2409 |     47 |    249 |   1667 |   3 |  818.7 |
       Dungeon |   2456 |   2409 |     47 |    249 |   1667 |   3 |  818.7 |
               +--------+--------+--------+--------+--------+-----+--------+

Top non-repeatable levels by time:
     D:2: 911 daAuts
     D:1: 901 daAuts
     D:3: 643 daAuts
